 Dungeon Crawl Stone Soup version 0.28-a0-178-ga708605c5b (webtiles) character file.

Game seed: 16999275874774664895

91 Ezendos the Ogre Mage (level 4, -1/39 HPs)
             Began as an Ogre Venom Mage on Aug 17, 2021.
             Was a Plaything of Xom.
             Slain by an orc wizard (2 damage)
             ... on level 3 of the Dungeon.
             The game lasted 00:05:30 (2860 turns).

Ezendos the Ogre Mage (Ogre Venom Mage)             Turns: 2860, Time: 00:05:30

Health: -1/39      AC:  3    Str: 12    XL:     4   Next: 59%
Magic:  1/8        EV:  9    Int: 17    God:    Xom [...*..]
Gold:   126        SH:  0    Dex:  7    Spells: 3/9 levels left

rFire   + . .      SeeInvis .   c - +2 short sword (drain)
rCold   + . .      Faith    .   (no shield)
rNeg    . . .      Spirit   .   a - +1 robe
rPois   +          Reflect  .   (helmet restricted)
rElec   +          Harm     .   (no cloak)
rCorr   +          Rampage  .   (gloves unavailable)
Will    .....                   (boots unavailable)
Stlth   ++........              (no amulet)
HPRegen 0.13/turn               (no ring)
MPRegen 0.11/turn               (no ring)

@: resistant
A: large, unfitting armour, tough skin 1, clumsy 1, deformed body, frail 1
a: Renounce Religion


You were on level 3 of the Dungeon.
You worshipped Xom.
You were a favourite toy of Xom.
You visited 1 branch of the dungeon, and saw 3 of its levels.

You collected 126 gold pieces.

Inventory:

Hand Weapons
 c - a +2 short sword of draining (weapon)
 j - a +3 war axe of flaming
Armour
 a - a +1 robe (worn)
 b - a +0 kite shield
Magical Staves
 e - a staff of conjuration
Scrolls
 f - 2 scrolls of teleportation
Potions
 g - a potion of might


   Skills:
 + Level 2.4 Fighting
 - Level 1.7 Dodging
 + Level 2.1 Stealth
 + Level 3.2 Spellcasting
 + Level 0.8 Conjurations
 - Level 1.0 Transmutations
 + Level 0.6 Air Magic
 - Level 3.0 Poison Magic


You had 3 spell levels left.
You knew the following spells:

 Your Spells              Type           Power      Damage    Failure   Level
a - Magic Dart            Conj           20%        1d4       12%         1
b - Poisonous Vapours     Pois/Air       18%        N/A       12%         2
c - Sting                 Tmut/Pois      36%        1d4       8%          1
A - Call Imp              Summ           2%         N/A       26%         2

Your spell library contained the following spells:

 Spells                   Type           Power      Damage    Failure   Level
 Searing Ray              Conj           10%        3d3       19%         2
 Mephitic Cloud           Conj/Pois/Air  7%         N/A       26%         3
 Olgreb's Toxic Radiance  Pois           13%        N/A       43%         4
 Fulminant Prism          Conj/Hex       2%         3d6       82%         4
 Animate Dead             Necr           1%         N/A       86%         4
 Haunt                    Necr/Summ      1%         N/A       100%        7
 Infestation              Necr           1%         N/A       100%        8


Dungeon Overview and Level Annotations

Branches:
Dungeon (3/15)

Altars:
Gozag
Xom


Innate Abilities, Weirdness & Mutations

You are too large for most types of armour.
You have tough skin. (AC +1)
You are clumsy. (Dex -2)
Armour fits poorly on your strangely shaped body.
You are frail. (-10% HP)


Message History

You closely miss something.
You hear some strange, mumbled words.
A magic dart appears from out of thin air!
The magic dart hits you.
* * * LOW HITPOINT WARNING * * *
It was a potion of curing.
You feel better.
You hear some strange, mumbled words.
A magic dart appears from out of thin air!
The magic dart hits you!
* * * LOW HITPOINT WARNING * * *
Okay, then.
As you read the scroll labelled ZEC HICAPP, it crumbles to dust.
It is a scroll of enchant armour.
Your +0 robe glows green for a moment.
Something hits you.
* * * LOW HITPOINT WARNING * * *
As you read the scroll labelled POOHIU LIUCO, it crumbles to dust.
It is a scroll of enchant weapon.
Your +2 war axe of flaming glows red for a moment.
You hear some strange, mumbled words.
A puff of flame appears from out of thin air!
The puff of flame hits you. You resist.
* * * LOW HITPOINT WARNING * * *
You miss something. Something hits you but does no damage.
Casting: Sting (safe; 8% risk of failure)
Confirm with . or Enter, or press ? or * to list all spells.
You can't see any susceptible monsters within range! (Use Z to cast anyway.)
You hit something. Something hits you but does no damage.
Casting: Sting (safe; 8% risk of failure)
Confirm with . or Enter, or press ? or * to list all spells.
You can't see any susceptible monsters within range! (Use Z to cast anyway.)
Casting: Sting (safe; 8% risk of failure)
Confirm with . or Enter, or press ? or * to list all spells.
You can't see any susceptible monsters within range! (Use Z to cast anyway.)
Casting: Sting (safe; 8% risk of failure)
Confirm with . or Enter, or press ? or * to list all spells.
Aiming: Sting (safe; 8% risk of failure)
Press: ? - help, Shift-Dir - straight line The sting hits something but does no damage.
Something hits you.
You die...

#...........#
#####..#).#.#
#..#..#..#
##...o....#
#.#..##..#.##
#.....)....#
##########)#
#{# #@# ###†#
#...# #.###
#.# #.# #.#
#.# #<#


There were no monsters in sight!

Vanquished Creatures
  An orc wizard (D:3)
  An adder (D:3)
  2 worms (D:2)
  A dart slug (D:1)
  4 orcs
  3 endoplasms (D:1)
  A goblin (D:1)
  8 hobgoblins
  A quokka (D:1)
  3 ball pythons
  5 bats
  7 frilled lizards
  5 kobolds
  5 rats
47 creatures vanquished.

Notes
Turn   | Place    | Note
-------+----------+-------------------------------------------
     0 | D:1      | Ezendos the Ogre Venom Mage began the quest for the Orb.
     0 | D:1      | Reached XP level 1. HP: 16/16 MP: 3/3
    82 | D:1      | Reached skill level 1 in Transmutations
   351 | D:1      | Reached XP level 2. HP: 18/26 MP: 2/5
   354 | D:1      | Reached skill level 1 in Fighting
   629 | D:1      | Found a faded altar of an unknown god.
   645 | D:1      | Became a worshipper of Xom of Chaos
   840 | D:1      | XOM: potion effect (curing)
   854 | D:1      | Reached XP level 3. HP: 26/33 MP: 5/7
  1851 | D:2      | Learned a level 1 spell: Magic Dart
  1854 | D:2      | Learned a level 2 spell: Call Imp
  1857 | D:2      | Learned a level 2 spell: Poisonous Vapours
  2145 | D:2      | Found an opulent altar of Gozag.
  2158 | D:2      | XOM: scenery: 1 doors open
  2298 | D:2      | XOM: give mutations
  2298 | D:2      | Gained mutation: You are frail. (-10% HP) [Xom's mischief]
  2298 | D:2      | Gained mutation: Armour fits poorly on your strangely
                  | shaped body. [Xom's mischief]
  2298 | D:2      | Gained mutation: You are dopey. (Int -2) [Xom's mischief]
  2298 | D:2      | Lost mutation: You are dopey. (Int -2) [Xom's mischief]
  2474 | D:2      | XOM: give mutation
  2474 | D:2      | Gained mutation: You are clumsy. (Dex -2) [Xom's mischief]
  2530 | D:2      | XOM: divination: detect creatures
  2678 | D:3      | Reached XP level 4. HP: 20/37 MP: 2/8
  2857 | D:3      | HP: 1/39 [something/puff of flame (3)]
  2860 | D:3      | Slain by an orc wizard

Illustrated notes

Levels and vault maps discovered:
D:1:      dpeg_arrival_court, layout_basic, hellmonk_ecumenical_altar_run_dry,
          st_stairs_1, minmay_cupped
D:2:      layout_basic, basic_altar
D:3:      layout_basic, serial_shops, shop,
          hangedman_abyss_or_decor_lesser_grid, uniq_ijyb

Skill      XL: |  1  2  3 |
---------------+----------+-----
Transmutations | 1 |  1.0
Fighting       | 1 2 |  2.4
Poison Magic   | 3 |  3.0
Spellcasting   | 3 |  3.2
Stealth        | 2 |  2.1
Dodging        | |  1.7
Conjurations   | |  0.8
Air Magic      | |  0.6

Action                   |  1- 3 |  4- 6 || total
-------------------------+-------+-------++-------
Melee: Short sword       |    56 |    15 ||    71
       Unarmed           |     5 |       ||     5
 Cast: Sting             |    55 |     7 ||    62
       Poisonous Vapours |     2 |     1 ||     3
       Magic Dart        |     2 |       ||     2
  Use: Scroll            |     2 |     2 ||     4
       Potion            |       |     3 ||     3
 Stab: Sleeping          |     1 |       ||     1
Armor: Robe              |    19 |    10 ||    29
Dodge: Dodged            |    33 |     9 ||    42

Table legend: (Time is in decaauts)
 A = Elapsed time spent in this place.
 B = Non-inter-level travel time spent in this place.
 C = Inter-level travel time spent in this place.
 D = Time resting spent in this place.
 E = Time spent auto-exploring this place.
 F = Levels seen in this place.
 G = Mean time per level.
                   A        B        C        D        E       F      G
               +--------+--------+--------+--------+--------+-----+--------+
         Total |   2866 |   2801 |     65 |    187 |   2202 |   3 |  955.3 |
       Dungeon |   2866 |   2801 |     65 |    187 |   2202 |   3 |  955.3 |
               +--------+--------+--------+--------+--------+-----+--------+

Top non-repeatable levels by time:
     D:1: 1624 daAuts
     D:2: 1032 daAuts
     D:3: 209 daAuts
